 Dungeon Crawl Stone Soup version 0.26-a0-597-gb535b0901c (webtiles) character file.

Game seed: 11494808526421416008

571 Cokeysmoke the Quickloader (level 7, -1/40 HPs)
             Began as a Kobold Hunter on Sept 7, 2020.
             Succumbed to a killer bee's poison
             ... on level 4 of the Dungeon.
             The game lasted 00:07:03 (3445 turns).

Cokeysmoke the Quickloader (Kobold Hunter)          Turns: 3445, Time: 00:07:03

Health: -1/40      AC:  8    Str: 10    XL:     7   Next: 60%
Magic:  7/7        EV: 13    Int: 12    God:
Gold:   102        SH:  0    Dex: 17    Spells: 6/6 levels left

rFire    . . .     SeeInvis .   a - +1 hand crossbow
rCold    + . .     Faith    .   (shield restricted)
rNeg     . . .     Spirit   .   i - +0 ring mail
rPois    .         Reflect  .   s - +2 helmet
rElec    .         Harm     .   (no cloak)
rCorr    .                      (no gloves)
MR       .....                  (no boots)
Stlth    ++++......             r - amulet of the acrobat
HPRegen  0.13/turn              k - ring of stealth (curse)
MPRegen  0.10/turn              t - ring of protection from cold

@: brilliant, lethally poisoned (-1 -> -24)
A: small, nightstalker 3
a: no special abilities


You were on level 4 of the Dungeon.
You visited 1 branch of the dungeon, and saw 4 of its levels.

You collected 102 gold pieces.

Inventory:

Hand Weapons
 a - a +1 hand crossbow (weapon)
 b - a +0 short sword
Missiles
 d - 23 bolts (quivered)
 l - 5 curare-tipped darts
Armour
 c - a +0 leather armour
 i - a +0 ring mail (worn)
 m - a +0 scale mail
 s - a +2 helmet (worn)
Jewellery
 k - a cursed ring of stealth (left hand)
 r - an amulet of the acrobat (around neck)
 t - a ring of protection from cold (right hand)
 v - an uncursed ring of stealth
Wands
 q - a wand of disintegration (13)
Scrolls
 e - 6 scrolls of identify {unknown}
 f - a scroll of enchant armour {unknown}
 h - 2 scrolls of fog {unknown}
 j - 2 scrolls of enchant weapon {unknown}
 n - a scroll of noise {unknown}
 o - a scroll of amnesia {unknown}
 w - a scroll of random uselessness {unknown}
 x - a scroll of teleportation {unknown}
 y - 3 scrolls of fear {unknown}
Potions
 p - 2 potions of brilliance
 u - a potion of haste {unknown}


   Skills:
 + Level 2.5 Fighting
 - Level 10.0 Crossbows
 + Level 2.8 Dodging
 + Level 2.2 Stealth


You had 6 spell levels left.
You didn't know any spells.
Your spell library was empty.

Dungeon Overview and Level Annotations

Branches:
Dungeon (4/15)
 Temple: D:4-7

Altars:
Uskayaw


Innate Abilities, Weirdness & Mutations

You are small and have problems with some larger weapons.
You are completely attuned to the shadows.


Message History

Press: ? - help, Shift-Dir - straight line, f/p - killer bee
Aim: a killer bee (almost dead)
You shoot a bolt. The bolt closely misses the killer bee.
* * * LOW HITPOINT WARNING * * *
You feel sick. The killer bee stings you.
* * * LOW HITPOINT WARNING * * *
You are more poisoned.
The killer bee poisons you!
The killer bee stings you but does no damage.
Firing (i - inventory. (/) - cycle)
d - 24 bolts (quivered)
Press: ? - help, Shift-Dir - straight line, f/p - killer bee
Aim: a killer bee (almost dead)
You shoot a bolt. The bolt hits the killer bee.
You kill the killer bee!
Your Stealth skill increases to level 2!
* * * LOW HITPOINT WARNING * * *
You feel sick.
It was a potion of brilliance.
You feel clever all of a sudden.
You die...

..........#
..........#
..........#
..........# #((
.........## #.#
.........# #(#
.........##
#(###########.....
#####@(..(# #.†###
#.........# #....'
#.....†...#######...##
#.........##..........
#.........##.###..#.##
#.........##.# #......
#........###.# #......
#........'...# #.#####
#........##### #......


There were no monsters in sight!

Vanquished Creatures
  A phantom (D:4)
  2 scorpions (D:4)
  3 killer bees (D:4)
  An orc priest (D:3)
  A hound (D:4)
  A worker ant (D:4)
  A hound skeleton (D:4)
  Robin (D:2)
  6 adders
  An ooze (D:2)
  An adder skeleton (D:4)
  2 worms
  2 dart slugs
  2 leopard geckos
  10 orcs
  14 goblins
  5 hobgoblins
  6 bats
  3 frilled lizards
  7 kobolds
  9 rats
79 creatures vanquished.

Notes
Turn   | Place    | Note
-------+----------+-------------------------------------------
     0 | D:1      | Cokeysmoke the Kobold Hunter began the quest for the Orb.
     0 | D:1      | Reached XP level 1. HP: 12/12 MP: 1/1
   215 | D:1      | Reached skill level 5 in Crossbows
   296 | D:1      | Reached XP level 2. HP: 17/17 MP: 2/2
   851 | D:2      | Reached XP level 3. HP: 18/21 MP: 3/3
   900 | D:2      | Reached skill level 6 in Crossbows
  1171 | D:2      | Found a hide-covered altar of Uskayaw.
  1467 | D:2      | Reached XP level 4. HP: 26/26 MP: 4/4
  1552 | D:2      | Noticed Robin
  1568 | D:2      | Killed Robin
  2005 | D:3      | Reached skill level 7 in Crossbows
  2031 | D:3      | Reached XP level 5. HP: 30/30 MP: 5/5
  2828 | D:4      | Noticed a phantom
  2839 | D:4      | Killed a phantom
  2839 | D:4      | Reached skill level 8 in Crossbows
  2839 | D:4      | Reached XP level 6. HP: 29/35 MP: 6/6
  3175 | D:4      | Reached skill level 9 in Crossbows
  3189 | D:4      | Reached XP level 7. HP: 40/40 MP: 7/7
  3438 | D:4      | Reached skill level 10 in Crossbows
  3444 | D:4      | HP: 1/40 [poisoned by a killer bee]
  3445 | D:4      | Succumbed to a killer bee's poison

Illustrated notes

Levels and vault maps discovered:
D:1:      minmay_arrival_wavy_path, layout_loops_ring
D:2:      layout_basic, eat_drink_and_be_merry_uskayaw, minmay_joined_circles,
          uniq_robin
D:3:      layout_basic
D:4:      layout_basic

Skill      XL: |  1  2  3  4  5  6  7 |
---------------+----------------------+-----
Crossbows      | 5 6 7 8 9 10 | 10.0
Stealth        | 2 |  2.2
Fighting       | |  2.5
Dodging        | |  2.8

Action                   |  1- 3 |  4- 6 |  7- 9 || total
-------------------------+-------+-------+-------++-------
 Fire: Hand crossbow     |    69 |   105 |    29 ||   203
  Use: Potion            |       |     1 |     3 ||     4
Armor: Ring mail         |     7 |    24 |     5 ||    36
Dodge: Dodged            |    22 |    49 |    21 ||    92

Table legend: (Time is in decaauts)
 A = Elapsed time spent in this place.
 B = Non-inter-level travel time spent in this place.
 C = Inter-level travel time spent in this place.
 D = Time resting spent in this place.
 E = Time spent auto-exploring this place.
 F = Levels seen in this place.
 G = Mean time per level.
                   A        B        C        D        E       F      G
               +--------+--------+--------+--------+--------+-----+--------+
         Total |   3471 |   3412 |     59 |    488 |   2431 |   4 |  867.8 |
       Dungeon |   3471 |   3412 |     59 |    488 |   2431 |   4 |  867.8 |
               +--------+--------+--------+--------+--------+-----+--------+

Top non-repeatable levels by time:
     D:2: 1265 daAuts
     D:3: 757 daAuts
     D:1: 750 daAuts
     D:4: 698 daAuts
